[Event "Early-Titled-Tuesday-Blitz-March-26-2024"]
[Site "Chess.com"]
[Date "2024.03.26"]
[Round "10"]
[White "AlmasRakhmatullaev"]
[Black "Aradhya2000"]
[Result "0-1"]
[WhiteElo "2895"]
[BlackElo "2754"]
[TimeControl "180+1"]
[EndTime "9:50:21 PDT"]
[Termination "Aradhya2000 won by resignation"]

1. e4 e5 2. Nf3 Nc6 3. Bc4 Nf6 4. Ng5 d5 5. exd5 b5 6. Bf1 Nxd5 7. Bxb5 Bb7 8. Qf3 Qd7 9. Nc3 Ndb4 10. Ba4 f6 11. a3 Na6 12. Nge4 f5 13. Ng5 Nc5 14. Bxc6 Bxc6 15.
Qe3 O-O-O 16. O-O f4 17. Qe2 Qf5 18. Nf3 e4 19. Nh4 Qf6 20. b4 f3 21. Qc4 Qxh4 22. bxc5 Qg4 0-1

[Event "Early-Titled-Tuesday-Blitz-March-26-2024"]
[Site "Chess.com"]
[Date "2024.03.26"]
[Round "10"]
[White "whiteglovethief"]
[Black "ViktoriyaTarasova"]
[Result "1-0"]
[WhiteElo "2501"]
[BlackElo "2367"]
[TimeControl "180+1"]
[EndTime "9:50:33 PDT"]
[Termination "whiteglovethief won by resignation"]

1. d4 Nf6 2. c4 e6 3. Nf3 Bb4+ 4. Nbd2 O-O 5. a3 Be7 6. e4 d6 7. Bd3 c5 8. dxc5 dxc5 9. Qe2 Nc6 10. e5 Nd7 11. h4 f5 12. exf6 Nxf6 13. Ne4 Nd4 14. Nxd4 cxd4 15. Bg5 Bd7 16. O-O-O Bc6 17. Nxf6+ Bxf6 18. Qxe6+ Kh8 19. Qg4 h6 20. f4 Qd6 21. Qf5 Kg8 22. Qh7+ Kf7 23. Bxh6 Rh8 24. Qg6+ Ke7 25. Bxg7 Qxf4+ 26. Kb1 Bxg7 27. Qxg7+ Kd6 28. Rhf1 Qxh4 29.
Rf6+ Kc5 30. Qe7+ Kb6 31. c5+ Ka5 32. Qc7+ Ka4 33. Rxc6 b6 34. cxb6 1-0

[Event "Early-Titled-Tuesday-Blitz-March-26-2024"]
[Site "Chess.com"]
[Date "2024.03.26"]
[Round "10"]
[White "WindWhistler11"]
[Black "Resignify"]
[Result "1-0"]
[WhiteElo "2440"]
[BlackElo "2271"]
[TimeControl "180+1"]
[EndTime "9:50:34 PDT"]
[Termination "WindWhistler11 won by resignation"]

1. Nf3 Nf6 2. g3 g6 3. Bg2 Bg7 4. O-O O-O 5. d3 d6 6. Nbd2 Nbd7 7. e4 e5 8. c3 Nc5 9. Qc2 a5 10. d4 exd4 11. cxd4 Na6 12. a3 Re8 13. h3 Nxe4 14. Nxe4 Bf5 15. Nh4 Bxe4 16. Bxe4 Bxd4 17. Bxb7 Ra7 18.
Bxa6 Rxa6 19. Qc4 Qf6 20. Qxa6 Qe5 21. Qd3 c5 22. Bf4 1-0

[Event "Early-Titled-Tuesday-Blitz-March-26-2024"]
[Site "Chess.com"]
[Date "2024.03.26"]
[Round "10"]
[White "JAN2404"]
[Black "SaiHanThiha"]
[Result "0-1"]
[WhiteElo "1953"]
[BlackElo "2557"]
[TimeControl "180+1"]
[EndTime "9:50:40 PDT"]
[Termination "SaiHanThiha won by resignation"]

1. e4 c6 2. Nc3 d5 3. d4 dxe4 4. Nxe4 Nf6 5. Ng3 h5 6. h4 c5 7.
Nf3 Bg4 8. Bb5+ Nc6 9. c3 cxd4 10. Qxd4 Bxf3 11. gxf3 Qxd4 12. cxd4 e6 13. Bd2 Be7 14.
f4 g6 15. Bc3 Nd5 16. Rc1 O-O 17. Bd2 Nxd4 18. Be2 Rac8 19. O-O Bxh4 20. Bc3 Nxc3 21.
bxc3 Bxg3 22. cxd4 Bxf4 0-1

[Event "Early-Titled-Tuesday-Blitz-March-26-2024"]
[Site "Chess.com"]
[Date "2024.03.26"]
[Round "10"]
[White "ajeale2"]
[Black "toog"]
[Result "1-0"]
[WhiteElo "2455"]
[BlackElo "2621"]
[TimeControl "180+1"]
[EndTime "9:50:42 PDT"]
[Termination "ajeale2 won by resignation"]

1. e4 c5 2. Nc3 d6 3. g3 g6 4. Bg2 Bg7 5. Nge2 Nc6 6. O-O h5 7. h3 e5 8. d3 Nge7 9. f4 f6 10.
Be3 Be6 11. Nd5 Qd7 12. Kh2 Nd4 13. fxe5 fxe5 14. Nf6+ Bxf6 15. Rxf6 O-O-O 16. c3 Ndc6 17. h4 Bg4 18. b4 cxb4 19. cxb4 d5 20. b5 Nd4 21. Bxd4 exd4 22. Rb1 Rhf8 23. Rxf8 Rxf8 24. Qc1+ Kb8 25. Nxd4 dxe4 26. Nc6+ Ka8 27. Qa3 bxc6 28. bxc6 Qd8 29. c7 1-0

[Event "Early-Titled-Tuesday-Blitz-March-26-2024"]
[Site "Chess.com"]
[Date "2024.03.26"]
[Round "10"]
[White "venturov"]
[Black "LileKoridze"]
[Result "1-0"]
[WhiteElo "2521"]
[BlackElo "2453"]
[TimeControl "180+1"]
[EndTime "9:50:58 PDT"]
[Termination "venturov won by resignation"]

1. e4 c5 2. Nf3 d6 3. d4 cxd4 4.
Nxd4 Nf6 5. Nc3 a6 6. Bc4 Nbd7 7. O-O e6 8. Re1 Ne5 9. Bb3 Be7 10. f4 Nc6 11.
Be3 O-O 12. Qf3 Qc7 13. Rad1 Rb8 14. f5 Ne5 15. Qg3 exf5 16. exf5 b5 17. Bh6 Nh5 18. Qh3 Nf6 19. Bg5 h6 20. Bxf6 Bxf6 21. Nd5 Qd8 22. Rxe5 Bxe5 23. Nc6 Qg5 24. Nxb8 Bxf5 25. Qxf5 Rxb8 26.
Qxg5 hxg5 27. Ne7+ Kf8 28. Nc6 Re8 29. Nxe5 dxe5 30.
Rd7 f6 31. Rf7+ Kg8 32. Re7+ Kf8 33. Rxe8+ Kxe8 1-0

[Event "Early-Titled-Tuesday-Blitz-March-26-2024"]
[Site "Chess.com"]
[Date "2024.03.26"]
[Round "10"]
[White "eljanov"]
[Black "jefferyx"]
[Result "0-1"]
[WhiteElo "2916"]
[BlackElo "3092"]
[TimeControl "180+1"]
[EndTime "9:51:00 PDT"]
[Termination "jefferyx won by resignation"]

1. d4 f5 2. Bg5 g6 3. Nc3 Bg7 4. e3 d6 5. Bc4 c6 6. h4 h6 7.
Bf4 Nf6 8. Nf3 Nbd7 9. Qe2 Ne4 10. Nxe4 fxe4 11. Nd2 d5 12. Bb3 e5 13. dxe5 Nxe5 14. O-O-O Qf6 15. Bxe5 Qxe5 16. c3 a5 17. f4 Qe7 18. a3 b5 19. Bxd5 cxd5 20. Qxb5+ Kf7 21. Qxd5+ Be6 22. Qxe4 Bxc3 23. Nc4 Bf6 24. Ne5+ Bxe5 25. Qxe5 Rac8+ 26. Kd2 Rhd8+ 27. Ke1 Rxd1+ 28. Kxd1 Bb3+ 0-1

[Event "Early-Titled-Tuesday-Blitz-March-26-2024"]
[Site "Chess.com"]
[Date "2024.03.26"]
[Round "10"]
[White "FGHSMN"]
[Black "PeshkaCh"]
[Result "1-0"]
[WhiteElo "2967"]
[BlackElo "2866"]
[TimeControl "180+1"]
[EndTime "9:51:01 PDT"]
[Termination "FGHSMN won by checkmate"]

1. d4 Nf6 2. Bf4 c5 3. d5 e6 4. Nc3 exd5 5. Nxd5 Nxd5 6. Qxd5 Be7 7. O-O-O Nc6 8. e4 O-O 9. Nf3 d6 10. Bxd6 Bxd6 11.
Qxd6 Qa5 12. Bc4 Bg4 13. Qf4 Bxf3 14. gxf3 b5 15. Bd5 Nd4 16. Kb1 Rab8 17. c3 Ne6 18. Qe5 b4 19. c4 b3 20. a3 Nd4 21. Rxd4 Rbe8 22. Qg5 h6 23. Qf5 Kh8 24. Rd3 Re7 25. Rg1 Rfe8 26. Rxb3 Qd2 27. Qg4 f6 28. Qg3 a5 29. f4 a4 30. Rb5 Qd4 31. Qe3 Rxe4 32.
Bxe4 Qxc4 33. Bd3 Qc3 34. Qxe8# 1-0

[Event "Early-Titled-Tuesday-Blitz-March-26-2024"]
[Site "Chess.com"]
[Date "2024.03.26"]
[Round "10"]
[White "ChelsieMonica"]
[Black "BilicVladimir"]
[Result "0-1"]
[WhiteElo "2547"]
[BlackElo "2676"]
[TimeControl "180+1"]
[EndTime "9:51:01 PDT"]
[Termination "BilicVladimir won by resignation"]

1. e4 e6 2. d4 d5 3. Nd2 dxe4 4.
Nxe4 Nd7 5. Nf3 Ngf6 6. Nxf6+ Nxf6 7. Bd3 c5 8. O-O cxd4 9. Nxd4 Be7 10. c3 O-O 11. Qe2 Qc7 12. h3 a6 13. Bg5 Bd7 14.
Rad1 Rad8 15. Bh4 Rfe8 16. Rfe1 Nd5 17. Bxe7 Nxe7 18. Qh5 g6 19. Qh6 Bc6 20. h4 Nf5 21.
Bxf5 exf5 22. Qg5 Qa5 23. h5 Rxe1+ 24. Rxe1 Rxd4 25. b4 Qd8 26. Qh6 Rd1 27. Rxd1 Qxd1+ 28. Kh2 Qxh5+ 0-1

[Event "Early-Titled-Tuesday-Blitz-March-26-2024"]
[Site "Chess.com"]
[Date "2024.03.26"]
[Round "10"]
[White "js20000"]
[Black "YegoryoCh"]
[Result "1-0"]
[WhiteElo "2818"]
[BlackElo "2533"]
[TimeControl "180+1"]
[EndTime "9:51:03 PDT"]
[Termination "js20000 won by resignation"]

1. d4 d5 2. Nf3 Nf6 3. Bf4 e6 4. e3 Bd6 5. Nbd2 O-O 6. Bd3 b6 7. Bxd6 Qxd6 8. e4 dxe4 9. Nxe4 Qb4+ 10. c3 Qxb2 11. Nxf6+ gxf6 12. O-O Qxc3 13. Rc1 Qa5 14. Rxc7 Ba6 15. Be4 Bxf1 16. Bxa8 Na6 17. Rxa7 Bc4 18.
Bb7 Qxa2 19. Nd2 Bd3 20. h4 Kh8 21. Nf1 f5 22. Qxd3 1-0

[Event "Early-Titled-Tuesday-Blitz-March-26-2024"]
[Site "Chess.com"]
[Date "2024.03.26"]
[Round "10"]
[White "ACollins05"]
[Black "Josgar05"]
[Result "1-0"]
[WhiteElo "2516"]
[BlackElo "2369"]
[TimeControl "180+1"]
[EndTime "9:51:03 PDT"]
[Termination "ACollins05 won by checkmate"]

1. Nf3 g6 2. d4 Bg7 3. b3 c5 4.
Bb2 d5 5. e3 Nc6 6. Bb5 a6 7.
Bxc6+ bxc6 8. O-O cxd4 9. Nxd4 Qb6 10. Nd2 Nf6 11. c4 O-O 12. Rc1 Re8 13. N4f3 Bf5 14. Qe2 Rad8 15. Rfd1 a5 16. Bd4 Qb7 17. Ne5 Nd7 18.
Ndf3 Nxe5 19. Bxe5 f6 20. Bc3 e5 21. Bxa5 Ra8 22.
Be1 Be6 23. cxd5 cxd5 24. Qc2 Bg4 25. h3 Bxf3 26. gxf3 d4 27. e4 Qd7 28. Kg2 Rec8 29. Qe2 Bh6 30. Rc4 Rxc4 31. Qxc4+ Kg7 32. Bd2 Rxa2 33. Bxh6+ Kxh6 34. b4 Rb2 35. Qc5 Kg7 36. Ra1 Kh6 37. Ra7 Qe6 38. Qf8+ Kg5 39. Rxh7 Rxf2+ 40. Kxf2 Qa2+ 41. Kg3 f5 42. Qe7# 1-0

[Event "Early-Titled-Tuesday-Blitz-March-26-2024"]
[Site "Chess.com"]
[Date "2024.03.26"]
[Round "10"]
[White "UK_23"]
[Black "Nf3c5"]
[Result "0-1"]
[WhiteElo "2403"]
[BlackElo "2540"]
[TimeControl "180+1"]
[EndTime "9:51:09 PDT"]
[Termination "Nf3c5 won by resignation"]

1. e4 e5 2. Nf3 Nc6 3. d4 exd4 4. Nxd4 Qf6 5. Nf3 Bb4+ 6. c3 Bc5 7. Bg5 Qg6 8. Bd3 Ne5 9. Nxe5 Qxg5 10. b4 Qxg2 11. Qf3 Bxf2+ 12. Ke2 Qxf3+ 13. Nxf3 Bb6 14. c4 d6 15. a4 a5 16. b5 Nf6 17. Nc3 Bg4 18.
h3 Bh5 19. Raf1 Bd4 20. Kd2 Bxc3+ 21. Kxc3 Bxf3 22. Rxf3 Nd7 23. Rg1 g6 24. Bc2 Ne5 25. Rfg3 Ke7 26. h4 h5 27. Rf1 b6 28. Rfg1 Rae8 29.
Rf1 Kf8 30. Kd4 Kg7 31. Rfg1 Re7 32. Rf1 Rhe8 33. Rfg1 Nd7 34. Rf1 Nc5 35. Rf4 Ne6+ 0-1

[Event "Early-Titled-Tuesday-Blitz-March-26-2024"]
[Site "Chess.com"]
[Date "2024.03.26"]
[Round "10"]
[White "maurovargas01"]
[Black "Dewarfd"]
[Result "0-1"]
[WhiteElo "1846"]
[BlackElo "2151"]
[TimeControl "180+1"]
[EndTime "9:51:10 PDT"]
[Termination "Dewarfd won by checkmate"]

1. e4 c5 2. Nc3 g6 3. f4 Bg7 4.
Nf3 e6 5. d3 d5 6. e5 f6 7.
exf6 Nxf6 8. g3 O-O 9. Bg2 Nc6 10.
O-O e5 11. fxe5 Ng4 12. Qe1 Ngxe5 13. Nxe5 Rxf1+ 14. Qxf1 Nxe5 15. Bxd5+ Kh8 16. Bb3 c4 17. dxc4 Qb6+ 18. Kg2 Bg4 19. h3 Rf8 20. Nd5 Qd4 21. Qe2 Bxe2 22. Be3 Qe4+ 23. Kh2 Bh6 24. Nf4 Qxe3 25.
Rg1 Bxf4 26. gxf4 Nf3+ 27. Kg2 Qxg1# 0-1

[Event "Early-Titled-Tuesday-Blitz-March-26-2024"]
[Site "Chess.com"]
[Date "2024.03.26"]
[Round "10"]
[White "carloseduar100"]
[Black "ChempionBg"]
[Result "1-0"]
[WhiteElo "2216"]
[BlackElo "2312"]
[TimeControl "180+1"]
[EndTime "9:51:11 PDT"]
[Termination "carloseduar100 won on time"]

1. g3 e5 2. Bg2 d5 3. b4 Bxb4 4.
c4 Nf6 5. Qb3 Na6 6. cxd5 O-O 7.
Bb2 Bf5 8. Bxe5 Re8 9. Nf3 Nxd5 10. O-O Nc5 11. Qc4 f6 12. Bb2 b5 13. Qxb5 Rb8 14.
Qc4 Re4 15. Nd4 Na4 16. Bxe4 Bxe4 17. Nc6 Nxb2 18. Qxe4 Qe8 19. Qxe8+ Rxe8 20. Nxb4 Nxb4 21. Nc3 Nc2 22. Rab1 Nc4 23. d3 Nd2 24. Rb2 Nxf1 25.
Rxc2 1-0

[Event "Early-Titled-Tuesday-Blitz-March-26-2024"]
[Site "Chess.com"]
[Date "2024.03.26"]
[Round "10"]
[White "Hui_Li_Macau"]
[Black "Shuvalov"]
[Result "0-1"]
[WhiteElo "2384"]
[BlackElo "2585"]
[TimeControl "180+1"]
[EndTime "9:51:14 PDT"]
[Termination "Shuvalov won by resignation"]

1. e4 e6 2. d4 d5 3. Nd2 c5 4.
exd5 exd5 5. Ngf3 Nc6 6. Bb5 Qe7+ 7. Be2 Qc7 8. O-O Nf6 9. Re1 Be6 10. dxc5 Bxc5 11.
Nb3 Bb6 12. Bd3 O-O 13. Be3 Rae8 14. c3 Bg4 15. Bxb6 Qxb6 16. Rxe8 Rxe8 17. h3 Bh5 18. g4 Bg6 19. Bxg6 hxg6 20. Nfd4 a5 21. Nxc6 bxc6 22. Qd4 Qa6 23. Rd1 a4 24. Nc5 Qe2 25. Nxa4 Re4 26.
Rd2 Qe1+ 27. Kg2 Rxd4 28. Rxd4 Ne4 0-1

[Event "Early-Titled-Tuesday-Blitz-March-26-2024"]
[Site "Chess.com"]
[Date "2024.03.26"]
[Round "10"]
[White "arenal72"]
[Black "Kirill_Klukin"]
[Result "0-1"]
[WhiteElo "2612"]
[BlackElo "2825"]
[TimeControl "180+1"]
[EndTime "9:51:24 PDT"]
[Termination "Kirill_Klukin won by checkmate"]

1. Nf3 d5 2. g3 Nf6 3. Bg2 e6 4. O-O Be7 5. d3 O-O 6. Nbd2 c5 7. e4 Nc6 8. Qe2 Qc7 9. c3 b5 10. h4 a5 11. exd5 Nxd5 12. Ne4 Bb7 13. Bg5 Rfd8 14.
Rad1 h6 15. Bc1 Nf6 16. Nxf6+ Bxf6 17. Nh2 Ne5 18. Bxb7 Qxb7 19. Bf4 Ng6 20. Be3 Rd5 21.
Ng4 Be7 22. h5 Ne5 23. Nxe5 Rxe5 24. Qg4 Bg5 25. Rfe1 Bxe3 26. Rxe3 Rg5 27. Qe2 Rd8 28. d4 cxd4 29. cxd4 Qd5 30. b3 Rxh5 31. Rc3 Qh1# 0-1

[Event "Early-Titled-Tuesday-Blitz-March-26-2024"]
[Site "Chess.com"]
[Date "2024.03.26"]
[Round "10"]
[White "Roedor"]
[Black "Incognizance"]
[Result "1-0"]
[WhiteElo "2413"]
[BlackElo "1917"]
[TimeControl "180+1"]
[EndTime "9:51:25 PDT"]
[Termination "Roedor won by resignation"]

1. c4 e5 2. g3 Nc6 3. Bg2 a6 4. Nc3 Bc5 5. a3 Ba7 6. e3 d6 7. Nge2 Nge7 8. O-O h5 9. h4 Bg4 10. f3 Be6 11. b3 Qd7 12. d4 exd4 13. exd4 Bh3 14.
Be3 Bxg2 15. Kxg2 Nf5 16. Bf2 O-O-O 17. d5 Bxf2 18. dxc6 Ne3+ 19. Kh2 Nxd1 20. cxd7+ Rxd7 21. Raxd1 Bb6 22. Nd5 Re8 23. Nxb6+ cxb6 24. Nf4 g6 25. Kg2 Kc7 26. Kf2 b5 27. cxb5 axb5 28. Rfe1 Ra8 29. Rc1+ Kd8 30. Ra1 Rc8 31. Rec1 Rc5 32. b4 Rc4 33. Nd5 Rxc1 34. Rxc1 f5 35. f4 Rh7 36.
Re1 Kd7 37. Nf6+ 1-0

[Event "Early-Titled-Tuesday-Blitz-March-26-2024"]
[Site "Chess.com"]
[Date "2024.03.26"]
[Round "10"]
[White "Cheer_Down"]
[Black "babyking1205"]
[Result "0-1"]
[WhiteElo "2496"]
[BlackElo "2641"]
[TimeControl "180+1"]
[EndTime "9:51:28 PDT"]
[Termination "babyking1205 won by resignation"]

1. e4 c5 2. Nf3 d6 3. d4 cxd4 4. Nxd4 Nf6 5. Nc3 a6 6. Rg1 e5 7. Nb3 h5 8. Bg5 Be6 9. Qd3 Nbd7 10. O-O-O Rc8 11. Kb1 Be7 12. h4 Qc7 13. f3 b5 14.
Nd5 Bxd5 15. exd5 Nb6 16. Bxf6 Bxf6 17. Na5 Nxd5 18. c3 Ne7 19. Qxd6 Qxa5 20. Qd7+ Kf8 21. Bd3 Qc7 22. Qh3 g6 23. g4 hxg4 24. Rxg4 Rd8 25.
Qg3 Nf5 26. Bxf5 Rxd1+ 27. Kc2 Qd6 0-1

[Event "Early-Titled-Tuesday-Blitz-March-26-2024"]
[Site "Chess.com"]
[Date "2024.03.26"]
[Round "10"]
[White "AlainBruxelles"]
[Black "FranklinAPalomo"]
[Result "1-0"]
[WhiteElo "2391"]
[BlackElo "2629"]
[TimeControl "180+1"]
[EndTime "9:51:33 PDT"]
[Termination "AlainBruxelles won by resignation"]

1. e4 c5 2. Nf3 e6 3. c3 Nf6 4. e5 Nd5 5. a3 Nc6 6. d4 cxd4 7. cxd4 d6 8. Bd3 Be7 9. O-O O-O 10. Nc3 Nxc3 11.
bxc3 dxe5 12. dxe5 b6 13. Qc2 g6 14. Rd1 Qc7 15.
Bf4 Bb7 16. h4 Rac8 17. h5 Kg7 18. Qd2 Rfd8 19. Bh6+ Kg8 20. Qf4 Bf8 21. Bg5 Be7 22.
Bh6 Bf8 23. Bg5 Be7 24. Bf6 Bxf6 25. Qxf6 Qe7 26. Qf4 Na5 27. Ng5 Rxc3 28. Bxg6 Rxd1+ 29. Rxd1 hxg6 30. hxg6 fxg6 31. Rd8+ Kg7 32. Qh4 1-0

[Event "Early-Titled-Tuesday-Blitz-March-26-2024"]
[Site "Chess.com"]
[Date "2024.03.26"]
[Round "10"]
[White "the_chess_child"]
[Black "Ticoluis"]
[Result "1-0"]
[WhiteElo "2857"]
[BlackElo "2541"]
[TimeControl "180+1"]
[EndTime "9:51:38 PDT"]
[Termination "the_chess_child won by resignation"]

1. e4 e5 2. Nf3 Nc6 3. d3 Nf6 4. g3 Bc5 5. Bg2 a6 6. O-O Ba7 7. Nc3 h6 8. Be3 O-O 9. h3 d6 10. Kh2 Nd4 11. Nh4 c6 12. Qd2 Kh7 13. f4 exf4 14.
Bxf4 g5 15. e5 gxf4 16. exf6 fxg3+ 17. Kh1 d5 18. Rae1 Be6 19. Re5 Rg8 20. Rh5 Qf8 21. Nd1 Rg5 22. Qxg5 1-0

[Event "Early-Titled-Tuesday-Blitz-March-26-2024"]
[Site "Chess.com"]
[Date "2024.03.26"]
[Round "10"]
[White "CrushingKings"]
[Black "Korchmar_Vasiliy"]
[Result "0-1"]
[WhiteElo "2572"]
[BlackElo "2701"]
[TimeControl "180+1"]
[EndTime "9:51:39 PDT"]
[Termination "Korchmar_Vasiliy won by resignation"]

1. Nf3 f5 2. g3 Nf6 3. Bg2 g6 4. d4 Bg7 5. O-O O-O 6. c4 d6 7. d5 e5 8. dxe6 Bxe6 9. Nd4 Bc8 10. Nc3 Kh8 11. Bg5 h6 12. Bxf6 Qxf6 13. e3 c6 14. Qb3 Na6 15. Qa3 Nc5 16. Rad1 g5 17. b4 Ne6 18.
Nxe6 Qxe6 19. b5 Qxc4 20. bxc6 bxc6 21. Rxd6 Qxc3 22. Rxh6+ Kg8 23. Qd6 Bxh6 24. Bxc6 Qf6 25. Bd5+ Kh8 26. Qc7 Be6 27. Bxa8 Rxa8 28. Rd1 f4 29. Rd6 fxe3 30. fxe3 Rf8 0-1

[Event "Early-Titled-Tuesday-Blitz-March-26-2024"]
[Site "Chess.com"]
[Date "2024.03.26"]
[Round "10"]
[White "Gorbaev"]
[Black "CURRUTACO59"]
[Result "1-0"]
[WhiteElo "2475"]
[BlackElo "2276"]
[TimeControl "180+1"]
[EndTime "9:51:41 PDT"]
[Termination "Gorbaev won on time"]

1. Nf3 Nf6 2. c4 e6 3. Nc3 Bb4 4. g4 O-O 5. g5 Ne8 6. Rg1 d5 7. e3 c5 8. Qc2 Nc6 9. a3 Ba5 10. b3 d4 11. Ne4 Qe7 12. Bb2 e5 13. Bd3 Kh8 14. O-O-O Bf5 15. Rde1 a6 16. exd4 cxd4 17.
Ng3 Bxd3 18. Qxd3 Qe6 19. Kb1 Nd6 20. Nxd4 Nxd4 21. Bxd4 Qd7 22. Rxe5 b5 23. c5 1-0

[Event "Early-Titled-Tuesday-Blitz-March-26-2024"]
[Site "Chess.com"]
[Date "2024.03.26"]
[Round "10"]
[White "Attacker_2006"]
[Black "MikeWizard"]
[Result "1-0"]
[WhiteElo "2406"]
[BlackElo "2090"]
[TimeControl "180+1"]
[EndTime "9:51:42 PDT"]
[Termination "Attacker_2006 won by checkmate"]

1. g4 g6 2. h4 h5 3. f3 d6 4. g5 Bg7 5. d3 b6 6. e4 Bb7 7. Kf2 Nd7 8. Kg2 e5 9. Kh2 Ne7 10. Bh3 O-O 11. Ne2 d5 12. Nd2 c5 13. Nf1 Rc8 14. c4 d4 15. f4 exf4 16. Bxf4 Ra8 17. Neg3 Ne5 18. Nxh5 gxh5 19. Qxh5 N7g6 20. Bf5 Bc8 21.
Bd2 Bxf5 22. exf5 Qd6 23. Ng3 Nxd3 24. f6 Bxf6 25. gxf6 Qxf6 26. Raf1 Qxh4+ 27. Kg2 Qxh5 28. Nxh5 f5 29. Rfg1 Kf7 30. Ng3 Kf6 31. Rf1 f4 32. Ne4+ Ke5 33. Ng5 Rf5 34. Nf3+ Kf6 35. Rh7 Nde5 36.
Ne1 Rg8 37. Kf2 Nxc4 38. Bc1 Ne3 39. Rg1 Ne7 40. Rh6+ Rg6 41. Rgh1 Rxh6 42. Rxh6+ Ke5 43. Nf3+ Ke4 44. Ke2 N7d5 45. Re6+ Re5 46. Rxe5# 1-0

[Event "Early-Titled-Tuesday-Blitz-March-26-2024"]
[Site "Chess.com"]
[Date "2024.03.26"]
[Round "10"]
[White "esrosenberg"]
[Black "Aleksandar-Topalov"]
[Result "1-0"]
[WhiteElo "2495"]
[BlackElo "2356"]
[TimeControl "180+1"]
[EndTime "9:51:50 PDT"]
[Termination "esrosenberg won by resignation"]

1. d4 e6 2. c4 f5 3. g3 Nf6 4. Bg2 Be7 5. Nh3 O-O 6. O-O d6 7.
Nf4 c6 8. d5 e5 9. Ne6 Bxe6 10.
dxe6 Qc8 11. Qb3 Na6 12. Be3 Nc5 13. Bxc5 dxc5 14. Nc3 Rb8 15. Bh3 Qxe6 16. e4 g6 17. exf5 gxf5 18. Rae1 Bd6 19. Qc2 e4 20. f3 Qxc4 21.
Bxf5 Rbe8 22. Qd2 Qd4+ 23. Qf2 e3 24. Qe2 c4 25. Kg2 Nd5 26. Be4 Nxc3 27. bxc3 Qxc3 28.
Qxe3 Qxe3 29. Rxe3 b5 30. Rfe1 Bc5 31. Bxh7+ Kf7 32.
Rxe8 Rxe8 33. Bg6+ Kxg6 34. Rxe8 b4 35. Re6+ Kf5 36.
Rxc6 1-0

[Event "Early-Titled-Tuesday-Blitz-March-26-2024"]
[Site "Chess.com"]
[Date "2024.03.26"]
[Round "10"]
[White "gummigisla"]
[Black "SlavenPastar"]
[Result "1-0"]
[WhiteElo "2438"]
[BlackElo "2569"]
[TimeControl "180+1"]
[EndTime "9:51:53 PDT"]
[Termination "gummigisla won by resignation"]

1. d4 b6 2. Nf3 Bb7 3. g3 Nf6 4. Bg2 g6 5. O-O Bg7 6. Re1 O-O 7. c4 Na6 8. d5 c6 9. e4 cxd5 10. e5 Ne8 11. cxd5 d6 12. Nc3 Nec7 13. exd6 Qxd6 14. Bf4 Qd7 15. Ne5 Bxe5 16. Rxe5 Rad8 17. Qe2 Rfe8 18. Re1 e6 19. d6 Na8 20. Bg5 Rc8 21. Bxb7 Qxb7 22. Qd2 Nc5 23. Nd5 Red8 24. Bf6 Nd7 25. Qh6 1-0

[Event "Early-Titled-Tuesday-Blitz-March-26-2024"]
[Site "Chess.com"]
[Date "2024.03.26"]
[Round "10"]
[White "rcmz"]
[Black "Kavyev_Ruslan"]
[Result "0-1"]
[WhiteElo "2205"]
[BlackElo "2381"]
[TimeControl "180+1"]
[EndTime "9:51:55 PDT"]
[Termination "Kavyev_Ruslan won by resignation"]

1. b4 e5 2. Bb2 f6 3. b5 d5 4.
e3 a6 5. c4 axb5 6. cxb5 c6 7.
Nf3 Be6 8. Be2 Bd6 9. O-O Ne7 10.
a4 O-O 11. d3 cxb5 12. axb5 Rxa1 13. Bxa1 Qa5 14. Nc3 Bb4 15. Qb3 Nd7 16. d4 e4 17.
Nxe4 Bf7 18. Ng3 Rc8 19. Bb2 Bd6 20. Bd3 Nb6 21. Nf5 Nxf5 22. Bxf5 Rc7 23. h3 Nc4 24.
Ra1 Nxb2 25. Rxa5 Rc1+ 0-1

[Event "Early-Titled-Tuesday-Blitz-March-26-2024"]
[Site "Chess.com"]
[Date "2024.03.26"]
[Round "10"]
[White "jinbojinbo"]
[Black "zverr1"]
[Result "0-1"]
[WhiteElo "2630"]
[BlackElo "2542"]
[TimeControl "180+1"]
[EndTime "9:52:05 PDT"]
[Termination "zverr1 won by resignation"]

1. e4 c5 2. Nf3 Nc6 3. Bb5 h5 4. c3 a6 5. Bxc6 dxc6 6. d4 cxd4 7. cxd4 Bg4 8. Be3 Nf6 9. Nc3 e6 10. h3 Bxf3 11. Qxf3 Be7 12. O-O g6 13. Rad1 O-O 14. d5 cxd5 15. exd5 Nxd5 16. Nxd5 exd5 17. Rxd5 Qc8 18.
Rfd1 Qe6 19. Bh6 Rfd8 20. Qc3 Qf6 21. Rxd8+ Rxd8 22. Rxd8+ Bxd8 23. Qc8 Kh7 24. Bd2 Bb6 25. Be1 Qxb2 26. Qe8 Qxa2 27. Bc3 Qxf2+ 28. Kh2 Qf4+ 0-1

[Event "Early-Titled-Tuesday-Blitz-March-26-2024"]
[Site "Chess.com"]
[Date "2024.03.26"]
[Round "10"]
[White "Navyblue1"]
[Black "ArturoCaceres"]
[Result "0-1"]
[WhiteElo "2246"]
[BlackElo "2435"]
[TimeControl "180+1"]
[EndTime "9:52:05 PDT"]
[Termination "ArturoCaceres won by resignation"]

1. d4 c6 2. c4 d5 3. cxd5 cxd5 4. Nc3 a6 5. Bf4 Nf6 6. e3 Nc6 7. Bd3 Bg4 8. Nge2 Bxe2 9. Qxe2 e6 10. O-O Be7 11.
Rac1 Nd7 12. h3 g5 13. Bh2 h5 14. e4 Nxd4 15. Qe3 Bc5 16. Na4 Ba7 17. exd5 Nb3 18. Qe4 Nf6 19. Qe5 Nxc1 20. dxe6 Nxd3 21. exf7+ Kxf7 22. Qf5 Nxf2 23. Be5 Ng4+ 24. Kh1 Nxe5 25. Qxe5 Bd4 26. Qxg5 Rg8 27. Qxh5+ Ke7 28. Re1+ Kd6 29. Rd1 Kc6 30. Rc1+ Kd6 31. Rd1 Kc7 32. Qf7+ Qd7 33. Qc4+ Qc6 34. Qxc6+ bxc6 35. Rxd4 Rad8 36. Rf4 Rd1+ 37.
Kh2 Nd5 38. Rf7+ Kd6 39. Rh7 Rd2 40. Rh6+ Ke5 41. Rh5+ Ke4 42. Rh4+ Ke3 43. Rg4 Rxg4 44.
hxg4 Nf4 45. Kh1 Rxg2 46. Nc5 Rxb2 47. g5 Kf3 48. g6 Kg3 49. Ne4+ Kh3 50. Ng5+ Kg4 51. g7 Rb8 52. Ne4 Kf5 53. Nd6+ Kf6 54. Ne4+ Kxg7 0-1

[Event "Early-Titled-Tuesday-Blitz-March-26-2024"]
[Site "Chess.com"]
[Date "2024.03.26"]
[Round "10"]
[White "JaackCamel"]
[Black "Viktor_Poddubnyi"]
[Result "0-1"]
[WhiteElo "2187"]
[BlackElo "2314"]
[TimeControl "180+1"]
[EndTime "9:52:06 PDT"]
[Termination "Viktor_Poddubnyi won by resignation"]

1. d4 g6 2. c4 Bg7 3. e4 Nc6 4. d5 Nd4 5. Ne2 c5 6. Be3 e5 7. dxe6 dxe6 8. Nxd4 cxd4 9. Bf4 e5 10. Bd2 Nf6 11.
Bd3 O-O 12. O-O Be6 13. h3 Rc8 14. Qe2 Nd7 15. Rc1 Nc5 16. b4 Nxd3 17. Qxd3 f5 18. f3 fxe4 19. fxe4 Qh4 20. Be1 Qg5 21. Nd2 Rf7 22.
Nf3 Qh5 23. Kh2 Bxh3 24. Bg3 Bg4+ 25. Nh4 Bf6 26. Rf1 Bxh4 27. Kg1 Bg5 28. Bxe5 Be3+ 29. Qxe3 dxe3 30. Rxf7 Kxf7 0-1

[Event "Early-Titled-Tuesday-Blitz-March-26-2024"]
[Site "Chess.com"]
[Date "2024.03.26"]
[Round "10"]
[White "Chessdude1987"]
[Black "Predator0608"]
[Result "0-1"]
[WhiteElo "2400"]
[BlackElo "2536"]
[TimeControl "180+1"]
[EndTime "9:52:07 PDT"]
[Termination "Predator0608 won on time"]

1. e4 b6 2. d4 Bb7 3. Bd3 g6 4. Nf3 Bg7 5. O-O e6 6. c3 Ne7 7.
Re1 O-O 8. Nbd2 d6 9. Nf1 Nd7 10. Ng3 e5 11. h4 h5 12. Ng5 exd4 13. cxd4 Bxd4 14. Bc4 Bh8 15. Nxh5 Ne5 16. Bb3 Qd7 17. f4 Ng4 18. Ng3 c5 19. e5 Qc6 20. N3e4 Nh6 21.
exd6 Nef5 22. h5 Bd4+ 23. Kh2 Kg7 24. hxg6 Rh8 25. Nh3 fxg6 26. Bd2 Rae8 27. Qc2 Ng4+ 0-1